 Dungeon Crawl Stone Soup version 0.18.1-1-g2f07953 (webtiles) character file.

9732 Eucla the Severer (level 11, -9/104 HPs)
             Began as a Minotaur Gladiator on May 6, 2016.
             Was a High Priest of Okawaru.
             Shot with a bolt by an orc warlord (13 damage)
             ... on level 10 of the Dungeon.
             The game lasted 00:11:09 (9622 turns).

Eucla the Severer (Minotaur Gladiator)              Turns: 9622, Time: 00:11:10

Health: -9/104     AC: 11    Str: 20    XL:     11   Next: 26%
Magic:  10/10      EV: 11    Int:  5    God:    Okawaru [*****.]
Gold:   264        SH:  0    Dex: 14    Spells: 0 memorised, 10 levels left

rFire  + . .     SeeInvis .     o - +0 executioner's axe (venom)
rCold  . . .     Gourm    .     w - +3 scale mail
rNeg   . . .     Faith    .     (shield currently unavailable)
rPois  .         Spirit   .     c - +1 hat
rElec  .         Dismiss  .     B - +0 cloak (curse)
rCorr  .         Reflect  .     (no gloves)
SustAt .         Harm     +     (no boots)
MR     .....                    p - amulet of harm
Stlth  ..........               I - ring of protection from fire
                                (no ring)

@: not resistant to hostile enchantments, extremely unstealthy
A: retaliatory headbutt, horns 2, mutation resistance 1
a: Heroism, Finesse, Renounce Religion


You were on level 10 of the Dungeon.
You worshipped Okawaru.
Okawaru was extremely pleased with you.
You were not hungry.

You visited 1 branch of the dungeon, and saw 10 of its levels.
You also visited: Sewer.

You collected 445 gold pieces.
You spent 181 gold pieces at shops.

Inventory:

Hand Weapons
 a - a +1 war axe of freezing
 o - a +0 executioner's axe of venom (weapon)
 U - the +1 broad axe of Unpleasantness {chop, *Corrode +Rage rN+}
   (Okawaru gifted it to you on level 9 of the Dungeon)

   It inflicts extra damage upon your enemies.
   It protects you from negative energy.
   It lets you go berserk.
   It may corrode you when you take damage.
Missiles
 d - 3 throwing nets (quivered)
Armour
 c - a +1 hat (worn)
 w - a +3 scale mail (worn)
 B - a cursed +0 cloak (worn)
Jewellery
 p - an amulet of harm (around neck)
 H - an uncursed ring of sustain attributes
 I - a ring of protection from fire (right hand)
 Q - an uncursed ring of protection from cold
Wands
 g - a wand of paralysis (16/24)
 n - a wand of acid (10/15)
 x - a wand of paralysis (24/24)
 z - a wand of enslavement (14/24)
 R - a wand of lightning (13/15)
 S - a wand of hasting (5/9)
Scrolls
 k - 2 scrolls of amnesia
 l - 3 scrolls of remove curse
 m - a scroll of blinking {unknown}
 r - a scroll of identify
 t - a scroll of enchant weapon
 u - 2 scrolls of recharging
 v - 3 scrolls of magic mapping
 y - a scroll of fog
 M - 2 scrolls of teleportation
 P - a scroll of enchant armour
Potions
 e - a potion of agility
 h - 6 potions of curing
 i - 2 potions of cancellation {unknown}
 q - 2 potions of magic
 s - a potion of resistance
 A - a potion of brilliance {unknown}
 D - a potion of mutation {unknown}
 E - a potion of might
 F - 3 potions of flight
 J - a potion of degeneration
 L - 2 potions of lignification {unknown}
Books
 b - a book of Conjurations

   Spells                             Type                      Level
   a - Magic Dart                     Conjuration                  1
   b - Searing Ray                    Conjuration                  2
   c - Dazzling Spray                 Conjuration/Hexes            3
   d - Fulminant Prism                Conjuration/Hexes            4
   e - Iskenderun's Mystic Blast      Conjuration                  4
   f - Iskenderun's Battlesphere      Conjuration/Charms           5
 C - a book of Transfigurations

   Spells                             Type                      Level
   a - Irradiate                      Conjuration/Transmutation    5
   b - Statue Form                    Transmutation/Earth          6
   c - Hydra Form                     Transmutation                6
   d - Dragon Form                    Transmutation                7
 G - a book of Enchantments

   Spells                             Type                      Level
   a - Cause Fear                     Hexes                        4
   b - Yara's Violent Unravelling     Hexes/Transmutation          5
   c - Silence                        Hexes/Air                    5
   d - Deflect Missiles               Charms/Air                   6
   e - Haste                          Charms                       6
   f - Discord                        Hexes                        8
 N - a book of Misfortune

   Spells                             Type                      Level
   a - Confusing Touch                Hexes                        2
   b - Confuse                        Hexes                        3
   c - Gell's Gravitas                Hexes/Translocation          3
   d - Petrify                        Transmutation/Earth          4
   e - Metabolic Englaciation         Hexes/Ice                    5
   f - Yara's Violent Unravelling     Hexes/Transmutation          5
Comestibles
 f - 7 bread rations
 j - 2 meat rations


   Skills:
 + Level 12.1 Fighting
 * Level 16.5 Axes
 - Level 2.0 Throwing
 - Level 3.2 Dodging


You had 10 spell levels left.
You didn't know any spells.

Dungeon Overview and Level Annotations

Branches:
Dungeon (10/15)            Temple (0/1) D:6            Lair (0/8) D:8
    Orc: D:9-12

Altars:
Ashenzari
Cheibriados
Elyvilon
Fedhas
Gozag
Kikubaaqudgha
Makhleb
Okawaru
Pakellas
Ru
Trog
Yredelemnul
The Shining One
Beogh

Shops:
D:4 *   D:5 !   D:7 :


Innate Abilities, Weirdness & Mutations

You reflexively headbutt those who attack you in melee.
You have a pair of horns on your head.
You are somewhat resistant to further mutation.


Message History

You open the door.
Unknown command.
The orc warlord shoots a bolt.
The bolt barely misses you.
There is an open door here.
You close the door.
There is an open door here.
You close the door.
You see here a hound skeleton.
An orc warlord opens the door.
The orc warlord shoots a bolt.
The bolt hits you!
* * * LOW HITPOINT WARNING * * *
The bolt freezes you!
* * * LOW HITPOINT WARNING * * *
You see here a bolt.
Unknown command.
Drink which item? (? for menu, Esc to quit)
You feel much better.
The orc warlord shoots a bolt.
The bolt hits you!!
* * * LOW HITPOINT WARNING * * *
The bolt freezes you!
You die...

..#######....................
.................o......#####
.........##+##'#......# #
........[#.....#......# #
.........#.....#......#####
##.......#....รท#...........
#.......#.....#...########
#.......+.....'...#.....).
#.......#@(...#...'.......
#######...#...^...
.........########
................
.........#####.. .........#
.........# .....##+## .....


You could see an orc warlord.

Vanquished Creatures
  Erolcha (D:9)
  2 hill giants (D:10)
  Pikel (D:6)
  A troll (D:10)
  2 hippogriffs (D:8)
  2 hungry ghosts (D:10)
  3 wargs (D:10)
  3 phantoms
  8 orc warriors
  A slave (D:6)
  4 ice beasts
  5 sky beasts
  2 necrophages (D:7)
  9 ogres
  6 centaurs
  3 big kobolds
  5 giant frogs
  A scorpion (D:8)
  A troll zombie (D:8)
  6 killer bees (D:9)
  11 wights
  4 howler monkeys
  2 giant frog zombies
  3 centaur zombies
  A crimson imp (D:7)
  3 human zombies (D:8)
  A quasit (D:7)
  A giant frog skeleton (D:6)
  Crazy Yiuf (D:6)
  6 orc priests
  5 hounds
  4 jellies
  8 orc wizards
  Jessica (D:3)
  3 iguanas
  Ijyb (D:2)
  Terence (D:2)
  2 human skeletons (D:8)
  5 worker ants
  An ogre zombie (D:8)
  A hound zombie (D:9)
  A hound skeleton (D:5)
  3 mummies
  A worker ant zombie (D:7)
  3 gnolls (D:4)
  14 adders
  3 shadow imps
  5 oozes
  2 worms (D:3)
  2 dart slugs
  6 giant geckos
  48 orcs
  5 ball pythons
  7 giant cockroaches
  5 goblins
  9 hobgoblins
  11 jackals
  A quokka (D:8)
  6 bats
  2 giant gecko zombies
  7 giant newts
  A jackal skeleton (D:5)
  27 kobolds
  An orc skeleton (D:8)
  2 quokka zombies
  11 rats
314 creatures vanquished.

Vanquished Creatures (others)
  A slave (D:6)
  A crimson imp (D:6)
  A hound (D:6)
  A withered plant (D:7)
4 creatures vanquished.

Grand Total: 318 creatures vanquished

Notes
Turn   | Place    | Note
--------------------------------------------------------------
     0 | D:1      | Eucla the Minotaur Gladiator began the quest for the Orb.
     0 | D:1      | Reached XP level 1. HP: 18/18 MP: 0/0
    40 | D:1      | Reached skill level 4 in Axes
    53 | D:1      | Reached XP level 2. HP: 20/25 MP: 1/1
   305 | D:1      | Reached XP level 3. HP: 24/30 MP: 2/2
   712 | D:2      | Reached skill level 5 in Axes
   772 | D:2      | Noticed Terence
   778 | D:2      | Killed Terence
   778 | D:2      | Reached XP level 4. HP: 26/38 MP: 3/3
   898 | D:2      | Found a shattered altar of Ashenzari.
   901 | D:2      | Found a blossoming altar of Fedhas.
  1138 | D:2      | Noticed Ijyb
  1145 | D:2      | Killed Ijyb
  1463 | D:3      | Noticed Jessica
  1467 | D:3      | Reached skill level 6 in Axes
  1467 | D:3      | Reached XP level 5. HP: 41/46 MP: 4/4
  1471 | D:3      | Killed Jessica
  1777 | D:3      | Reached skill level 7 in Axes
  1778 | D:3      | Reached XP level 6. HP: 28/53 MP: 5/5
  2076 | D:3      | Found an iron altar of Okawaru.
  2107 | D:3      | Became a worshipper of Warmaster Okawaru
  2571 | D:4      | Reached skill level 5 in Fighting
  2818 | D:4      | Found a basalt altar of Yredelemnul.
  2819 | D:4      | Found a bloodstained altar of Trog.
  3074 | D:4      | Found Atuorgh's Assorted Antiques.
  3081 | D:4      | Bought a potion of heal wounds for 75 gold pieces
  3081 | D:4      | Bought a lumpy ruby potion for 13 gold pieces
  3081 | D:4      | Bought a scroll labeled AVIAKL GUIBI for 15 gold pieces
  3081 | D:4      | Bought a scroll labeled DUXUAMI ZAGAE for 15 gold pieces
  3081 | D:4      | Bought a scroll labeled OTERPH QIPLEQ for 15 gold pieces
  3341 | D:5      | Entered Level 5 of the Dungeon
  3354 | D:5      | Found a burning altar of Makhleb.
  3445 | D:5      | Found an oddly glowing altar of Pakellas.
  3480 | D:5      | Found a sacrificial altar of Ru.
  3485 | D:5      | Reached skill level 8 in Axes
  3485 | D:5      | Reached XP level 7. HP: 35/61 MP: 6/6
  3522 | D:5      | Reached * piety under Okawaru
  3733 | D:5      | Reached skill level 9 in Axes
  3734 | D:5      | Found Gufucw's Distillery.
  3752 | D:5      | Bought a potion of might for 48 gold pieces
  3889 | D:5      | Found a glowing golden altar of the Shining One.
  3915 | D:5      | Found a glowing drain.
  3930 | Sewer    | Entered a sewer
  4021 | Sewer    | Found a glowing silver altar of Zin.
  4170 | D:5      | You fall through a shaft for 2 floors!
  4196 | D:7      | Got a distressingly furry leather armour
  4207 | D:7      | Identified the +0 leather armour of Noleukk {rElec rC+ Int+2} (You found it on level 7 of the Dungeon)
  4233 | D:7      | Found Qagox's Book Boutique.
  4257 | D:7      | Reached XP level 8. HP: 47/71 MP: 7/7
  4298 | D:7      | Reached skill level 10 in Axes
  4384 | D:7      | Reached ** piety under Okawaru
  4439 | D:7      | Reached skill level 11 in Axes
  4533 | D:7      | Found an opulent altar of Gozag.
  4860 | D:7      | Reached XP level 9. HP: 49/82 MP: 5/8
  4979 | D:7      | Reached skill level 12 in Axes
  5054 | D:6      | Reached *** piety under Okawaru
  5403 | D:6      | Noticed Pikel
  5416 | D:6      | Killed Pikel
  5416 | D:6      | Reached skill level 13 in Axes
  5485 | D:6      | Found a snail-covered altar of Cheibriados.
  5560 | D:6      | Found a staircase to the Ecumenical Temple.
  5669 | D:6      | Reached **** piety under Okawaru
  5978 | D:6      | Reached skill level 10 in Fighting
  6153 | D:6      | Reached XP level 10. HP: 78/93 MP: 9/9
  6207 | D:6      | Noticed Crazy Yiuf
  6216 | D:6      | Killed Crazy Yiuf
  6388 | D:8      | Reached skill level 14 in Axes
  6634 | D:8      | Found a staircase to the Lair.
  6648 | D:8      | Found an ancient bone altar of Kikubaaqudgha.
  6876 | D:8      | Found an ancient bone altar of Kikubaaqudgha.
  7596 | D:9      | Reached skill level 15 in Axes
  7608 | D:9      | Found a roughly hewn altar of Beogh.
  7707 | D:9      | Reached ***** piety under Okawaru
  7768 | D:9      | Noticed Erolcha
  7797 | D:9      | HP: 4/96 [Erolcha/giant club (33)]
  7799 | D:9      | Killed Erolcha
  8264 | D:9      | Found a white marble altar of Elyvilon.
  8496 | D:9      | Received a gift from Okawaru
  8515 | D:9      | Got an iridescent broad axe {god gift}
  8516 | D:9      | Identified the +1 broad axe of Unpleasantness {chop, *Corrode +Rage rN+} (Okawaru gifted it to you on level 9 of the Dungeon)
  8518 | D:9      | Identified a scroll of acquirement
  8531 | D:9      | Gained mutation: You are somewhat resistant to further mutation. [potion of beneficial mutation]
  8542 | D:10     | Entered Level 10 of the Dungeon
  8560 | D:10     | Noticed a hill giant
  8568 | D:10     | Killed a hill giant
  8568 | D:10     | Reached XP level 11. HP: 20/104 MP: 10/10
  8992 | D:10     | Noticed a hill giant
  8997 | D:10     | Killed a hill giant
  8997 | D:10     | Reached skill level 16 in Axes
  9526 | D:10     | Found an oddly glowing altar of Pakellas.
  9581 | D:10     | Noticed an orc warlord
  9620 | D:10     | HP: 1/104 [orc warlord/bolt (10)]
  9622 | D:10     | Shot with a bolt by an orc warlord

Skill      XL: |  1  2  3  4  5  6  7  8  9 10 11 |
---------------+----------------------------------+-----
Axes           | 4 5 6 7 8 9 11 13 15 16 | 16.5
Fighting       | 3 4 5 6 8 10 11 12 | 12.1
Throwing       | |  2.0
Dodging        | |  3.2

Action                   |  1- 3 |  4- 6 |  7- 9 | 10-12 || total
-------------------------+-------+-------+-------+-------++-------
Melee: War axe           |    68 |   151 |   284 |   235 ||   738
       Headbutt          |     8 |    28 |    52 |    77 ||   165
       Executioner's axe |       |       |       |    56 ||    56
       Punch             |       |       |       |     1 ||     1
Invok: Heroism           |       |       |     2 |     2 ||     4
  Use: Potion            |       |       |     1 |     2 ||     3
       Scroll            |       |       |    12 |    10 ||    22
  Eat: Chunk             |       |     6 |     1 |     7 ||    14
       Fruit             |       |     8 |     5 |     3 ||    16
       Royal jelly       |       |       |       |     2 ||     2
       Beef jerky        |       |       |       |     1 ||     1
Armor: Leather armour    |    15 |     4 |       |       ||    19
       Scale mail        |       |    52 |   101 |    93 ||   246
Dodge: Dodged            |    44 |    94 |   136 |   146 ||   420
